 Dungeon Crawl Stone Soup version 0.17.0-28-g6e173f8 (webtiles) character file.

74 Ivanskos the Shield-Bearer (level 4, -2/42 HPs)
             Began as a Deep Dwarf Fighter on Nov 24, 2015.
             Killed by divine providence
             ... invoked by an orc priest
              (11 damage)
             ... on level 3 of the Dungeon.
             The game lasted 00:05:04 (1315 turns).

Ivanskos the Shield-Bearer (Deep Dwarf Fighter)     Turns: 1315, Time: 00:05:06

Health: -2/42      AC: 12    Str: 20    XL:     4   Next: 10%
Magic:  4/4        EV:  3    Int:  8    God:
Gold:   137        SH:  9    Dex: 13    Spells: 0 memorised, 3 levels left

rFire  . . .     SeeInvis .     a - +0 war axe
rCold  . . .     Clarity  .     l - +1 plate armour
rNeg   . . .     SustAt   .     c - +0 shield
rPois  .         Gourm    .     (no helmet)
rElec  .         Spirit   .     (no cloak)
rCorr  .         Warding  .     (no gloves)
rMut   .         Stasis   .     (no boots)
MR     .....                    (no amulet)
Stlth  ..........               (no ring)
                                (no ring)

@: non-regenerating, not resistant to hostile enchantments, extremely unstealthy
A: damage resistance, recharge devices, sense surroundings 1, slow regeneration
3
a: Device Recharging


You were on level 3 of the Dungeon.
You were not hungry.

You visited 1 branch of the dungeon, and saw 3 of its levels.

You collected 137 gold pieces.

Inventory:

Hand Weapons
 a - a +0 war axe (weapon)
Armour
 c - a +0 shield (worn)
 l - a +1 plate armour (worn)
Jewellery
 j - an uncursed ring of protection from fire {unknown}
Wands
 e - a wand of heal wounds (4)
Scrolls
 i - a scroll of remove curse
 n - a scroll of identify {unknown}
 o - a scroll of noise {unknown}
Potions
 b - 2 potions of heal wounds {unknown}
 d - a potion of might
 h - 2 potions of mutation {unknown}
 k - 2 potions of curing {unknown}
 m - 2 potions of poison {unknown}
 p - a potion of cure mutation {unknown}
Comestibles
 f - 2 bread rations
 g - 3 beef jerkies


   Skills:
 + Level 3.3 Fighting
 + Level 2.7 Axes
 + Level 4.0 Armour
 + Level 0.2 Dodging
 + Level 4.0 Shields


You had 3 spell levels left.
You didn't know any spells.

Dungeon Overview and Level Annotations

Branches:
Dungeon (3/15)

Altars:


Innate Abilities, Weirdness & Mutations

You are resistant to damage.
You can recharge devices by infusing magical energy.
You passively map a small area around you.
You do not regenerate naturally.


Message History

You closely miss the orc priest. You hit the orc.
The orc is heavily wounded.
The orc priest calls down the wrath of Beogh upon you.
Something smites you!
* * * LOW HITPOINT WARNING * * *
The orc hits you but does no damage.
You closely miss the orc priest. You closely miss the orc.
The orc is heavily wounded.
The orc priest casts a cantrip, but nothing happens.
You block the orc's attack.
The orc priest calls down the wrath of Beogh upon you.
Pain shoots through your body!
Your plate armour prevents you from hitting the orc priest.
You hit the orc.
You kill the orc!
Your Armour skill increases to level 4!
The orc priest hits you but does no damage.
The orc priest calls down the wrath of Beogh upon you.
Something smites you!
You die...

* * * , *
####>##., ,
, ,.o...#. *
* #o.... # ,
,###....#.#
* ......#.#
, # ..o...#
* #.###o.#
#...@o.#
####...##
*#.<...#*
#.).....#
#.........#*
,
+.........+
, , , *
#.........#
* *
##.......##
##.....## ,,


You could see 2 orc priests and an orc.

Vanquished Creatures
  An adder (D:2)
  An ooze (D:1)
  3 giant geckos
  An orc (D:3)
  A ball python (D:1)
  3 giant cockroaches
  5 goblins
  5 hobgoblins
  7 bats
  6 jackals (D:2)
  A jackal skeleton (D:3)
  7 kobolds
  20 rats
61 creatures vanquished.

Notes
Turn   | Place    | Note
--------------------------------------------------------------
     0 | D:1      | Ivanskos the Deep Dwarf Fighter began the quest for the Orb.
     0 | D:1      | Reached XP level 1. HP: 20/20 MP: 1/1
   106 | D:1      | Reached XP level 2. HP: 21/27 MP: 2/2
   500 | D:1      | Reached XP level 3. HP: 17/34 MP: 3/3
  1248 | D:2      | Reached skill level 4 in Shields
  1249 | D:2      | Reached XP level 4. HP: 37/42 MP: 4/4
  1315 | D:3      | Killed from afar by an orc priest

Action                   |  1- 3 |  4- 6 || total
-------------------------+-------+-------++-------
Melee: War axe           |   151 |    13 ||   164
Evoke: Wand              |     1 |       ||     1
  Use: Scroll            |     2 |       ||     2
  Eat: Bread ration      |     1 |       ||     1
